Selects Luftwaffe Battlegroup
Construct Infanterie Kompanie
Construct Infanterie Kompanie
Selects Luftwaffe Pioneer Support
Infanterie Officer Quarters
Construct Luftwaffe Kompanie
Flak 30 Anti-aircraft Gun Team
Selects LG40 Recoilless Gun Paradrop
Flak 30 Anti-aircraft Gun Team
Selects Infantry Reserves
Flak 30 Anti-aircraft Gun Team
Selects Stuka Strafing Run
Selects Fallschirmjäger Squad Paradrop
Construct Panzer Kompanie